 Dungeon Crawl Stone Soup version 0.28-a0-1382-g92835e5c71 (webtiles) character file.

Game seed: 10652882888306731317

688 chakani the Sneak (level 7, -3/32 HPs)
             Began as a Spriggan Enchanter on Dec 28, 2021.
             Was an Initiate of Dithmenos.
             Splashed by a jelly's acid (11 damage)
             ... on level 5 of the Dungeon on Jan 2, 2022.
             The game lasted 00:11:05 (8651 turns).

chakani the Sneak (Spriggan Enchanter)              Turns: 8651, Time: 00:11:06

Health: -3/32      AC:  4    Str:  4    XL:     7   Next: 36%
Magic:  12/12      EV: 17    Int: 19    God:    Dithmenos [......]
Gold:   211        SH:  0    Dex: 15    Spells: 3/11 levels left

rFire   + . .      SeeInvis +   q - +2 dagger (venom)
rCold   . . .      Faith    .   (no shield)
rNeg    . . .      Spirit   .   p - +2 robe of the Forest {rF+}
rPois   .          Reflect  .   (helmet restricted)
rElec   .          Harm     .   (no cloak)
rCorr   .          Rampage  .   (gloves unavailable)
Will    +....                   (boots unavailable)
Stlth   +++.......              (no amulet)
HPRegen 0.10/turn               (no ring)
MPRegen 0.13/turn               (no ring)

@: very quick
A: very small, no large weapons, unfitting armour, see invisible, speed 3
a: Renounce Religion


You were on level 5 of the Dungeon.
You worshipped Dithmenos.
Dithmenos was noncommittal.
You visited 2 branches of the dungeon, and saw 6 of its levels.
You also visited: Sewer.

You collected 211 gold pieces.

Inventory:

Hand Weapons
 a - a +1 dagger
 l - a +2 vampiric dagger
 q - a +2 dagger of venom (weapon)
Armour
 b - a +0 robe
 p - the +2 robe of the Forest (worn) {rF+}
   (You found it on level 3 of the Dungeon)

   rF:        It protects you from fire.
Jewellery
 k - a ring of protection from fire
Wands
 w - a wand of paralysis (5)
 x - a wand of polymorph (12)
Scrolls
 d - a scroll of fog {unknown}
 e - 4 scrolls of magic mapping {unknown}
 g - a scroll of vulnerability {unknown}
 n - a scroll of enchant weapon {unknown}
 o - a scroll of enchant armour {unknown}
 r - a scroll of immolation {unknown}
 s - a scroll of amnesia {unknown}
 u - a scroll of identify {unknown}
 v - a scroll of teleportation {unknown}
Potions
 c - a potion of invisibility
 f - 2 potions of curing
 h - a potion of haste
 i - a potion of mutation {unknown}
 j - a potion of cancellation {unknown}
 m - a potion of heal wounds {unknown}
 t - a potion of lignification {unknown}


   Skills:
 - Level 6.6 Short Blades
 - Level 2.8 Dodging
 - Level 6.7 Stealth
 - Level 2.8 Spellcasting
 + Level 6.1 Hexes


You had 3 spell levels left.
You knew the following spells:

 Your Spells              Type           Power      Damage    Failure   Level
a - Confusing Touch       Hex            25%        N/A       3%          3
b - Ensorcelled Hibernat  Hex/Ice        28%        N/A       7%          2
c - Tukima's Dance        Hex            25%        N/A       3%          3

Your spell library contained the following spells:

 Spells                   Type           Power      Damage    Failure   Level
 Dazzling Flash           Conj/Hex       28%        N/A       13%         3
 Foxfire                  Conj/Fire      8%         2x1d4     16%         1
 Pain                     Necr           8%         1d4       16%         1
 Blink                    Tloc           4%         N/A       24%         2
 Corpse Rot               Necr/Air       4%         N/A       24%         2
 Poisonous Vapours        Pois/Air       4%         N/A       24%         2
 Lesser Beckoning         Tloc           2%         N/A       43%         3
 Spider Form              Tmut/Pois      2%         N/A       43%         3
 Agony                    Necr           2%         N/A       99%         5
 Excruciating Wounds      Necr           1%         N/A       99%         5
 Manifold Assault         Tloc           2%         N/A       99%         5
 Haunt                    Necr/Summ      1%         N/A       100%        7
 Spellforged Servitor     Conj/Summ      1%         N/A       100%        7


Dungeon Overview and Level Annotations

Branches:
Dungeon (5/15)             Temple (1/1) D:4           Sewer (visited)

Altars:
Ashenzari
Cheibriados
Dithmenos
Elyvilon
Fedhas
Gozag
Hepliaklqana
Kikubaaqudgha
Makhleb
Nemelex Xobeh
Okawaru
Qazlal
Ru
Trog
Uskayaw
Vehumet
Wu Jian
Xom
Yredelemnul
Zin
The Shining One

Shops:
D:1 =   D:2 :


Innate Abilities, Weirdness & Mutations

You are very small and have problems with some larger weapons.
You are too small for most types of armour.
You have supernaturally acute eyesight. (SInv)
You cover ground extremely quickly. (Speed+++)


Message History

The howler monkey skeleton hits you but does no damage.
You hit the howler monkey skeleton.
The howler monkey skeleton is severely damaged.
The howler monkey skeleton misses you.
You hit the howler monkey skeleton.
The howler monkey skeleton is almost destroyed.
You hit the howler monkey skeleton.
You destroy the howler monkey skeleton!
Dithmenos accepts your kill.
Things that are here:
a +0 rapier; a +0 leather armour; the human corpse of Eustachio You open the door.
A bullfrog zombie comes into view.
Found 16 stones.
A bullfrog zombie is nearby!
A bullfrog zombie is nearby!
A bullfrog zombie is nearby!
A jelly comes into view.
The jelly quivers.
There is an open door here.
You hit the jelly.
Your hands burn!
The jelly is lightly wounded.
You hit the jelly.
The jelly is poisoned.
Your hands burn!
The jelly is lightly wounded.
The jelly completely misses you.
You hit the jelly.
The jelly looks even sicker.
Your hands burn!
The jelly is lightly wounded.
The jelly misses you.
You hit the jelly.
Your hands burn!
The jelly is moderately wounded.
You hit the jelly.
Your hands burn!
The jelly is heavily wounded.
The jelly misses you.
You hit the jelly.
Your hands burn!
* * * LOW HITPOINT WARNING * * *
The jelly is severely wounded.
The jelly hits you.
* * * LOW HITPOINT WARNING * * *
You are splashed with acid!
You die...

..........#.....#
..........#.[...#
..).......#.....#
..........#..<...
................#
..
.......).....####
#### .
###+#####..###..#
#).# .
#.#####.##.#..#
#..# ##
#......(@JZ#..#
#..# .
#######.##.#..#
#..# ## #..###..#
#..###. ##...##'#
#'##...
#......#####....##
######........###
##...########
##### #... #.##


You could see a jelly (very poisoned) and a bullfrog zombie.

Vanquished Creatures
  Eustachio (D:5)
  A kobold brigand (Sewer)
  A scorpion (D:3)
  A hound (D:4)
  A scorpion zombie (D:5)
  4 orc wizards
  A hound skeleton (D:4)
  2 howler monkey skeletons
  3 adders
  6 river rats (Sewer)
  2 worms
  2 dart slugs
  15 orcs
  10 bats
  9 endoplasms
  10 giant cockroaches
  8 hobgoblins
  8 jackals
  4 quokkas
  5 ball pythons
  8 frilled lizards
  7 goblins
  13 kobolds
  10 rats
132 creatures vanquished.

Vanquished Creatures (others)
  15 plants (Sewer)
15 creatures vanquished.

Grand Total: 147 creatures vanquished

Notes
Turn   | Place    | Note
-------+----------+-------------------------------------------
     0 | D:1      | chakani the Spriggan Enchanter began the quest for the Orb.
     0 | D:1      | Reached XP level 1. HP: 9/9 MP: 5/5
   275 | D:1      | Reached XP level 2. HP: 11/13 MP: 6/6
   381 | D:1      | Found Caotaud's Jewellery Boutique.
  1320 | D:1      | Reached XP level 3. HP: 16/16 MP: 8/8
  1912 | D:2      | Found a faded altar of an unknown god.
  2306 | D:2      | Found Hyezot's Book Boutique.
  2352 | D:2      | Learned a level 3 spell: Confusing Touch
  2355 | D:2      | Learned a level 2 spell: Ensorcelled Hibernation
  2849 | D:3      | Found a glowing drain.
  2910 | D:3      | Reached XP level 4. HP: 9/21 MP: 9/9
  3166 | Sewer    | Entered a sewer
  3194 | Sewer    | Noticed a kobold brigand
  3416 | Sewer    | Killed a kobold brigand
  3417 | Sewer    | Reached XP level 5. HP: 17/24 MP: 7/10
  3700 | Sewer    | Upgraded the game from 0.28-a0-1339-ga5422284a4 to
                  | 0.28-a0-1382-g92835e5c71
  3910 | Sewer    | Reached skill level 5 in Short Blades
  4867 | D:3      | Reached XP level 6. HP: 28/28 MP: 8/11
  5498 | D:3      | Identified the +2 robe of the Forest {rF+}
  5707 | D:3      | Reached skill level 5 in Stealth
  6476 | D:4      | Found a staircase to the Ecumenical Temple.
  6500 | Temple   | Entered the Ecumenical Temple
  6961 | Temple   | Became a worshipper of Dithmenos the Shadowed
  7348 | D:4      | Identified the +1 leather armour of the Onion {rPois}
  7979 | D:5      | Entered Level 5 of the Dungeon
  8010 | D:5      | Got the Volume of Ignition and Summoning
  8513 | D:5      | Learned a level 3 spell: Tukima's Dance
  8573 | D:5      | Reached XP level 7. HP: 32/32 MP: 12/12
  8592 | D:5      | Noticed Eustachio
  8606 | D:5      | Killed Eustachio
  8651 | D:5      | Splashed by a jelly's acid

Illustrated notes

Levels and vault maps discovered:
D:1:      dpeg_arrival_subterranean_lakeside_camping, layout_loops_ring,
          serial_shops, nicolae_shop_statue_plus
D:2:      layout_loops_ring, serial_shops, shop_statue,
          ebering_ecumenical_altar_mist, grunt_ministairs_13,
          serial_bayou_crossing
D:3:      layout_basic, gup_sewer_entry_glass, minmay_misc_feat_enclosed,
          grunt_decor_resistance, minmay_misc_feat_four_crosses
D:4:      layout_basic, temple_fountains
D:5:      layout_basic, minmay_divided_ellipse, uniq_eustachio
Temple:   mainiacjoe_temple_hex_bubbles

Skill      XL: |  1  2  3  4  5  6  7 |
---------------+----------------------+-----
Hexes          | 4 6 |  6.1
Short Blades   | 2 3 4 6 |  6.6
Stealth        | 6 |  6.7
Dodging        | |  2.8
Spellcasting   | |  2.8

Action                   |  1- 3 |  4- 6 |  7- 9 || total
-------------------------+-------+-------+-------++-------
Melee: Dagger            |   211 |   331 |    20 ||   562
 Cast: Ensorcelled Hiber |       |    32 |       ||    32
Evoke: Wand              |       |       |     2 ||     2
  Use: Potion            |       |     2 |       ||     2
 Stab: Sleeping          |    20 |    26 |       ||    46
       Paralysed         |       |       |     2 ||     2
Armor: Robe              |    43 |    27 |     1 ||    71
Dodge: Dodged            |   149 |   179 |     9 ||   337

Table legend: (Time is in decaauts)
 A = Elapsed time spent in this place.
 B = Non-inter-level travel time spent in this place.
 C = Inter-level travel time spent in this place.
 D = Time resting spent in this place.
 E = Time spent auto-exploring this place.
 F = Levels seen in this place.
 G = Mean time per level.
                   A        B        C        D        E       F      G
               +--------+--------+--------+--------+--------+-----+--------+
         Total |   6883 |   6746 |    137 |   1653 |   3833 |   7 |  983.3 |
       Dungeon |   5005 |   4912 |     93 |   1123 |   2886 |   5 | 1001.0 |
        Temple |    320 |    276 |     44 |      0 |    198 |   1 |  320.0 |
         Sewer |   1557 |   1557 |      0 |    529 |    748 |   1 | 1557.0 |
               +--------+--------+--------+--------+--------+-----+--------+

Top non-repeatable levels by time:
     D:1: 1607 daAuts
   Sewer: 1557 daAuts
     D:3: 1365 daAuts
     D:4: 909 daAuts
     D:2: 635 daAuts
     D:5: 488 daAuts
  Temple: 320 daAuts
